 Dungeon Crawl Stone Soup version 0.23.2-30-g0e89c35 (webtiles) character file.

Game seed: 10069430985436462494

119 Fortress the Firebug (level 4, -2/33 HPs)
             Began as a Draconian Fire Elementalist on June 15, 2019.
             Killed from afar by an orc wizard (4 damage)
             ... with a magic dart
             ... on level 3 of the Dungeon on June 17, 2019.
             The game lasted 00:10:16 (2597 turns).

Fortress the Firebug (Draconian Fire Elementalist)  Turns: 2597, Time: 00:10:17

Health: -2/33      AC:  5    Str: 15    XL:     4   Next: 74%
Magic:  0/8        EV: 12    Int: 21    God:
Gold:   103        SH:  0    Dex: 12    Spells: 7/8 levels left

rFire    . . .     SeeInvis .   d - +0 short sword
rCold    . . .     Gourm    .   (no shield)
rNeg     . . .     Faith    .   (armour unavailable)
rPois    .         Spirit   .   (helmet restricted)
rElec    .         Reflect  .   (no cloak)
rCorr    .         Harm     .   (no gloves)
MR       .....                  (no boots)
Stlth    ++........             (no amulet)
HPRegen  0.11/turn              (no ring)
MPRegen  0.11/turn              (no ring)

@: mighty, brilliant, slowed, very slow
A: unfitting armour, cold-blooded, AC +5
a: no special abilities


You were on level 3 of the Dungeon.
You were not hungry.

You visited 1 branch of the dungeon, and saw 3 of its levels.

You collected 103 gold pieces.

Inventory:

Hand Weapons
 d - a +0 short sword (weapon)
Missiles
 b - 30 stones (quivered)
 n - 14 poisoned needles
Scrolls
 a - 2 scrolls of magic mapping {unknown}
 c - 4 scrolls of identify {unknown}
 e - a scroll of fog {unknown}
 g - a scroll of remove curse {unknown}
 j - 2 scrolls of teleportation {unknown}
 m - a scroll of enchant weapon {unknown}
Potions
 f - a potion of might
 i - a potion of curing {unknown}
 k - a potion of degeneration {unknown}
 l - a potion of agility {unknown}
 o - a potion of mutation {unknown}
 q - a potion of brilliance
Comestibles
 h - 2 rations
 p - a chunk of flesh


   Skills:
 - Level 0.2 Short Blades
 - Level 2.0 Dodging
 - Level 2.0 Stealth
 + Level 2.9 Spellcasting
 + Level 2.3 Conjurations
 + Level 4.1 Fire Magic


You had 7 spell levels left.
You knew the following spells:

 Your Spells              Type           Power        Failure   Level  Hunger
a - Flame Tongue          Conj/Fire      ####.        1%          1    None

Your spell library contained the following spells:

 Spells                   Type           Power        Failure   Level  Hunger
 Throw Flame              Conj/Fire      ####..       1%          2    ##.....
 Conjure Flame            Conj/Fire      ####....     1%          3    ###....
 Inner Flame              Hex/Fire       ###.....     2%          3    ###....
 Sticky Flame             Conj/Fire      ####....     4%          4    ####...
 Fireball                 Conj/Fire      ####......   11%         5    ######.


Dungeon Overview and Level Annotations

Branches:
Dungeon (3/15)

Altars:


Innate Abilities, Weirdness & Mutations

Your plain brown scales are hard. (AC +5)
You cannot fit into any form of body armour.
You are cold-blooded and may be slowed by cold attacks.


Message History

Reactivating autopickup.
You feel a bit more experienced.
The orc wizard hits you with a +0 dagger.
You hit the orc wizard but do no damage.
The orc wizard casts a spell at you. The magic dart hits you!
* * * LOW HITPOINT WARNING * * *
It was a potion of might.
You feel very mighty all of a sudden. The orc wizard closely misses you.
The orc wizard hits you but does no damage.
It was a potion of brilliance.
You feel clever all of a sudden.
The orc wizard hits you but does no damage.
The orc priest casts a cantrip, but nothing happens.
The orc wizard casts a spell at you.
You feel yourself slow down.
The orc wizard gestures at you while chanting.
The magic dart hits you.
You die...

#...^.....#
###.#.#######
#..)....#
#######.# #+ #.#
##### ...
#.###.<.## ....
#.##.....# .....
##........#
.....o##@........#
...oooo.........##
.....o##.#...#..#
..... #.##.....#
.... #.###.##.#
... #.# #.##.# #'
#.###.##.# #
#........#
#####.####


You could see 2 orc wizards and 3 orcs.

Vanquished Creatures
  An orc wizard (D:3)
  3 adders
  A worm (D:2)
  2 dart slugs
  A leopard gecko (D:2)
  2 orcs (D:3)
  7 bats
  A giant cockroach (D:2)
  12 goblins
  5 hobgoblins
  A quokka (D:3)
  2 ball pythons (D:2)
  8 frilled lizards
  6 kobolds
  6 rats
58 creatures vanquished.

Notes
Turn   | Place    | Note
-------+----------+-------------------------------------------
     0 | D:1      | Fortress the Draconian Fire Elementalist began the quest
                  | for the Orb.
     0 | D:1      | Reached XP level 1. HP: 14/14 MP: 3/3
   422 | D:1      | Reached XP level 2. HP: 20/20 MP: 3/5
  1265 | D:2      | Reached XP level 3. HP: 19/26 MP: 2/6
  2222 | D:2      | Reached XP level 4. HP: 33/33 MP: 2/7
  2474 | D:3      | Reached skill level 4 in Fire Magic
  2597 | D:3      | Killed from afar by an orc wizard

Skill      XL: |  1  2  3  4 |
---------------+-------------+-----
Stealth        | 2 |  2.0
Dodging        | 2 |  2.0
Conjurations   | 2 |  2.3
Fire Magic     | 4 |  4.1
Short Blades   | |  0.2
Spellcasting   | |  2.9

Action                   |  1- 3 |  4- 6 || total
-------------------------+-------+-------++-------
Melee: Unarmed           |     8 |       ||     8
       Short sword       |    27 |    13 ||    40
       Tailslap          |     4 |     1 ||     5
 Cast: Flame Tongue      |    70 |    25 ||    95
  Use: Potion            |       |     2 ||     2
 Stab: Sleeping          |       |     1 ||     1
  Eat: Ration            |     1 |       ||     1
       Chunk             |     2 |     1 ||     3
Armor: Skin              |    22 |    11 ||    33
Dodge: Dodged            |    50 |    11 ||    61
